 Dungeon Crawl Stone Soup version 0.29-a0-1027-gcd8c55af63 (webtiles) character file.

Game seed: 14421219520219821369

2957 Asher535 the Cleaver (level 9, -12/121 HPs)
             Began as a Hill Orc Fighter on Aug 12, 2022.
             Was a Follower of Makhleb.
             Mangled by an orc warrior
             ... wielding a +0 trident
              (16 damage)
             ... on level 8 of the Dungeon.
             The game lasted 00:16:54 (7457 turns).

Asher535 the Cleaver (Hill Orc Fighter)             Turns: 7457, Time: 00:16:55

Health: -12/121    AC:  7    Str: 29    XL:     9   Next: 81%
Magic:  9/9        EV:  7    Int:  8    God:    Makhleb [*.....]
Gold:   1034       SH: 20    Dex: 10    Spells: 8/8 levels left

rFire   . . .      SeeInvis .   y - +3 war axe of Pugiakow {protect, Str+2 Stlth+}
rCold   . . .      Faith    .   v - +2 tower shield of Ozirchent {Str+4}
rNeg    . . .      Spirit   .   b - +0 scale mail
rPois   .          Reflect  +   (no helmet)
rElec   .          Harm     .   (no cloak)
rCorr   .          Rampage  .   (no gloves)
Will    .....                   (no boots)
Stlth   ..........              h - amulet of reflection
HPRegen 0.30/turn               (no ring)
MPRegen 0.11/turn               (no ring)

@: mighty, berserking, very quick
A: no striking features
a: Renounce Religion


You were on level 8 of the Dungeon.
You worshipped Makhleb.
Makhleb was aware of your devotion.
You visited 1 branch of the dungeon, and saw 8 of its levels.

You collected 1034 gold pieces.

Inventory:

Hand Weapons
 a - a +0 war axe
 g - a +2 dagger of electrocution
 l - a +2 mace of holy wrath
 s - a +4 hand axe of flaming
 y - the +3 war axe of Pugiakow (weapon) {protect, Str+2 Stlth+}
   (You found it on level 4 of the Dungeon)

   It grants its wielder temporary protection when it strikes (+7 to AC).
   Str:       It affects your strength (+2).
   Stlth:     It makes you more stealthy.
 A - the +4 war axe "Voukonou" {vorpal, rN+ Will+}
   (You found it on level 4 of the Dungeon)

   It inflicts extra damage upon your enemies.
   rN:        It protects you from negative energy.
   Will:      It increases your willpower.
Missiles
 f - 2 datura-tipped darts (quivered)
 B - 3 poisoned darts
Armour
 b - a +0 scale mail (worn)
 c - a +0 buckler
 v - the +2 tower shield of Ozirchent (worn) {Str+4}
   (You acquired it on level 4 of the Dungeon)

   Str:       It affects your strength (+4).
Jewellery
 h - an amulet of reflection (around neck)
Wands
 d - a wand of flame (13)
 u - a wand of digging (4)
 D - a wand of quicksilver (12)
Scrolls
 i - a scroll of fear
 j - a scroll of torment {unknown}
 k - 2 scrolls of amnesia {unknown}
 o - 2 scrolls of immolation {unknown}
 q - 3 scrolls of magic mapping {unknown}
 w - 3 scrolls of teleportation {unknown}
 C - a scroll of identify
 H - a scroll of butterflies {unknown}
 J - a scroll of noise {unknown}
 K - a scroll of blinking {unknown}
 L - a scroll of vulnerability {unknown}
Potions
 e - 2 potions of berserk rage
 m - 2 potions of curing
 n - a potion of lignification {unknown}
 p - 2 potions of flight
 r - 3 potions of mutation
 t - 2 potions of haste {unknown}
 x - a potion of ambrosia {unknown}
 z - 4 potions of heal wounds {unknown}
 F - a potion of invisibility {unknown}
 G - a potion of brilliance {unknown}
 I - 2 potions of cancellation {unknown}


   Skills:
 + Level 8.0 Fighting
 * Level 11.0(11.1) Axes
 - Level 1.6(6.0) Maces & Flails
 + Level 7.3 Armour
 + Level 7.2 Shields


You had 8 spell levels left.
You didn't know any spells.
Your spell library contained the following spells:

 Spells                   Type           Power      Damage    Failure   Level
 Apportation              Tloc           0%         N/A       100%        1
 Necrotise                Necr           0%         1d4       100%        1
 Summon Small Mammal      Summ           0%         N/A       100%        1
 Vampiric Draining        Necr           0%         2d6       100%        3
 Agony                    Necr           0%         N/A       100%        5
 Fireball                 Conj/Fire      0%         3d3       100%        5
 Starburst                Conj/Fire      0%         6d3       100%        6
 Ignition                 Fire           0%         3d3       100%        8


Dungeon Overview and Level Annotations

Branches:
Dungeon (8/15)             Temple (0/1) D:7
   Lair: D:8-11

Altars:
Gozag
Makhleb
Okawaru
Qazlal
Ru
Sif Muna
Vehumet
Zin

Annotations:
D:6 3 runed translucent doors, Soborki's ghost, novice MiBe; Tyrantos's ghost, novice DsFi; fly's ghost, weakling DgDe


Message History

You barely miss something. You miss the water moccasin.
You closely miss the sky beast. You block the water moccasin's attack.
Something hits you but does no damage. You block the orc warrior's attack.
You block the sky beast's attack.
The water moccasin bites you but does no damage.
The sky beast flickers out of sight!
Something hits you but does no damage.
You hear some strange, mumbled words.
A puff of flame appears from out of thin air!
The puff of flame reflects off an invisible shield around you!
The puff of flame hits something!
The orc warrior hits you but does no damage.
You feel very mighty all of a sudden. You block the water moccasin's attack.
Something hits you but does no damage. x2
You block the orc warrior's attack.
The water moccasin bites you but does no damage.
A red film seems to cover your vision as you go berserk!
You feel yourself moving faster!
You feel mighty! You block the water moccasin's attack.
You block something's attack.
The orc warrior hits you from afar with a +0 trident!
* * * LOW HITPOINT WARNING * * *
Something hits you.
* * * LOW HITPOINT WARNING * * *
Something shocks you.
* * * LOW HITPOINT WARNING * * *
You are too injured to fight recklessly!
You are too injured to fight recklessly!
You are too injured to fight recklessly!
You are too injured to fight recklessly!
You are too injured to fight recklessly!
You are too injured to fight recklessly!
You closely miss the water moccasin.
The water moccasin is moderately wounded.
You completely miss something. You closely miss something.
You block the water moccasin's attack. Something hits you but does no damage.
Something hits you.
* * * LOW HITPOINT WARNING * * *
Something shocks you.
* * * LOW HITPOINT WARNING * * *
The orc warrior hits you from afar with a +0 trident!
You die...

o#.# #.#.# #.
o......... ....
#)#.#.#.# #.#.#
.............
#.#.#.#.#.#
...o.....
.#.#.#(#S#.#.#.#
....$..{@{......
.#.#.#.#<#.#.#.#
##### .. ##


You could see an orc warrior and a water moccasin.

Vanquished Creatures
  5 yaks
  A steam dragon (D:7)
  Edmund (D:4)
  Duvessa (D:5)
  A black bear (D:7)
  An ice beast (D:7)
  A sky beast (D:7)
  2 ogres (D:5)
  A centaur (D:8)
  A phantom (D:7)
  A gnoll sergeant (D:7)
  2 bullfrogs
  A necrophage (D:7)
  4 scorpions (D:5)
  Dowan (D:5)
  2 howler monkeys
  A crimson imp (D:5)
  A hound (D:6)
  2 orc priests
  3 jellies
  A gnoll bouda (D:7)
  4 iguanas
  Terence (D:3)
  2 orc wizards
  8 adders
  6 gnolls (D:7)
  2 white imps
  3 ufetubi
  5 worms
  The ghost of kaisn the Sneak, a weakling NaDe (D:7)
  4 dart slugs
  13 orcs
  6 endoplasms
  5 giant cockroaches
  10 goblins
  10 hobgoblins
  4 jackals (D:1)
  A quokka (D:6)
  4 ball pythons
  5 bats
  2 frilled lizards (D:2)
  5 kobolds
  2 rats (D:1)
137 creatures vanquished.

Vanquished Creatures (others)
  An orc (D:8)
  7 plants
  4 withered plants (D:6)
12 creatures vanquished.

Grand Total: 149 creatures vanquished

Notes
Turn   | Place    | Note
-------+----------+-------------------------------------------
     0 | D:1      | Asher535 the Hill Orc Fighter began the quest for the Orb.
     0 | D:1      | Reached XP level 1. HP: 19/19 MP: 1/1
   368 | D:1      | Reached skill level 3 in Axes
   368 | D:1      | Reached XP level 2. HP: 24/27 MP: 2/2
   652 | D:1      | Reached XP level 3. HP: 28/33 MP: 3/3
   796 | D:1      | Found a faded altar of an unknown god.
  1237 | D:2      | Reached skill level 4 in Axes
  1557 | D:2      | Reached XP level 4. HP: 40/40 MP: 4/4
  1633 | D:2      | Found a glowing silver altar of Zin.
  2062 | D:3      | Found a sacrificial altar of Ru.
  2131 | D:3      | Reached skill level 1 in Maces & Flails
  2386 | D:3      | Noticed Terence
  2395 | D:3      | Killed Terence
  2396 | D:3      | Reached XP level 5. HP: 40/47 MP: 5/5
  2475 | D:3      | Found an iron altar of Okawaru.
  2989 | D:4      | You fall into a shaft and drop 3 floors!
  3061 | D:5      | Entered Level 5 of the Dungeon
  3072 | D:5      | Reached skill level 5 in Axes
  3072 | D:5      | Reached XP level 6. HP: 31/55 MP: 6/6
  3215 | D:5      | Noticed Dowan
  3215 | D:5      | Noticed Duvessa
  3247 | D:5      | Killed Duvessa
  3248 | D:5      | Reached skill level 5 in Fighting
  3248 | D:5      | Killed Dowan
  3249 | D:5      | Reached skill level 6 in Axes
  3249 | D:5      | Reached XP level 7. HP: 9/61 MP: 7/7
  3611 | D:5      | Reached skill level 5 in Armour
  3611 | D:5      | Reached skill level 5 in Shields
  4046 | D:4      | Identified the +3 war axe of Pugiakow {protect, Str+2
                  | Stlth+}
  4317 | D:4      | Identified the +4 war axe "Voukonou" {vorpal, rN+ Will+}
  4363 | D:4      | Noticed Edmund
  4374 | D:4      | Killed Edmund
  4375 | D:4      | Reached skill level 7 in Axes
  4481 | D:4      | Identified 2 scrolls of acquirement
  4482 | D:4      | Acquired 717 gold pieces
  4487 | D:4      | Acquired the +2 tower shield of Ozirchent {Str+4}
  4800 | D:5      | Reached XP level 8. HP: 70/70 MP: 8/8
  5098 | D:5      | Noticed a yak
  5098 | D:5      | Noticed a yak
  5098 | D:5      | Noticed a yak
  5098 | D:5      | Noticed a yak
  5115 | D:5      | Killed a yak
  5116 | D:5      | Reached skill level 8 in Axes
  5121 | D:5      | Killed a yak
  5124 | D:5      | Killed a yak
  5134 | D:5      | Killed a yak
  5135 | D:5      | Reached skill level 9 in Axes
  5429 | D:5      | Found a radiant altar of Vehumet.
  5429 | D:5      | Found a burning altar of Makhleb.
  5434 | D:5      | Reached XP level 9. HP: 72/78 MP: 9/9
  5439 | D:5      | Became a worshipper of Makhleb the Destroyer
  5614 | D:5      | Found an opulent altar of Gozag.
  5958 | D:6      | Found a stormy altar of Qazlal.
  5967 | D:6      | Found a shimmering blue altar of Sif Muna.
  6182 | D:6      | Found a runed translucent gate.
  6182 | D:6      | Found a runed translucent gate.
  6182 | D:6      | Found a runed translucent gate.
  6183 | D:6      | Noticed Tyrantos's ghost (novice DsFi)
  6184 | D:6      | Noticed Soborki's ghost (novice MiBe)
  6187 | D:6      | Noticed fly's ghost (weakling DgDe)
  6429 | D:7      | Reached skill level 10 in Axes
  6499 | D:7      | Found a runed translucent door.
  6506 | D:7      | Noticed kaisn's ghost (weakling NaDe)
  7334 | D:7      | Found a staircase to the Ecumenical Temple.
  7365 | D:7      | Killed kaisn's ghost
  7444 | D:8      | Reached * piety under Makhleb
  7449 | D:8      | Reached skill level 11 in Axes
  7457 | D:8      | HP: 4/121 [something (5)]
  7457 | D:8      | Mangled by an orc warrior

Illustrated notes

Levels and vault maps discovered:
D:1:      lemuel_arrival_cross, layout_loops_ring,
          hellmonk_ecumenical_altar_leap_of_faith
D:2:      layout_basic, serial_bayou, serial_bayou_pond_b, serial_bayou_pond_b,
          serial_bayou_crossing, serial_bayou_pond_b, basic_altar
D:3:      layout_basic, okawaru_gym_becter,
          mainiacjoe_overflow_concentric_impassable, nicolae_wormholes,
          uniq_terence
D:4:      layout_gridville, serial_forest, infiniplex_forest_zigzag_1,
          infiniplex_forest_lined_4_way, infiniplex_forest_straight_1,
          infiniplex_forest_straight_1, infiniplex_forest_clump_long,
          infiniplex_forest_straight_2, infiniplex_forest_clump_medium,
          infiniplex_forest_lined_room_, minmay_crystal_room, uniq_edmund
D:5:      nicolae_cairo_tiling_large, layout_basic,
          grunt_temple_overflow_lords_of_destruction, kennysheep_mini,
          chequers_serial_rivers_small_a, uniq_duvessa
D:6:      layout_loops_ring, mainiacjoe_overflow_swirl, portal_sewer_entry_f,
          gammafunk_ghost_cemetery, minmay_misc_feat_chi
D:7:      layout_basic, lemuel_temple_firewalk_b, ebering_ghost_reflecting_pool,
          st_stairs_8
D:8:      layout_cave_pods, mainiacjoe_overflow_surrounded_room, st_stairs_11

Skill      XL: |  1  2  3  4  5  6  7  8  9 |
---------------+----------------------------+-----
Axes           | 3 4 5 6 7 9 11 | 11.0
Fighting       | 4 5 6 8 |  8.0
Maces & Flails | 1 |  1.6
Armour         | 4 5 6 7 |  7.3
Shields        | 4 5 6 7 |  7.2

Action                   |  1- 3 |  4- 6 |  7- 9 || total
-------------------------+-------+-------+-------++-------
Melee: War axe           |   122 |     7 |   239 ||   368
       Mace              |       |    50 |       ||    50
       Hand axe          |       |    44 |    21 ||    65
  Use: Potion            |       |     1 |     3 ||     4
       Scroll            |       |       |     8 ||     8
Armor: Scale mail        |    56 |    32 |    80 ||   168
Dodge: Dodged            |    48 |    29 |    47 ||   124
Block: Buckler           |    53 |    46 |    14 ||   113
       Reflection        |     2 |     2 |     8 ||    12
       Tower shield      |       |       |   235 ||   235

Table legend: (Time is in decaauts)
 A = Elapsed time spent in this place.
 B = Non-inter-level travel time spent in this place.
 C = Inter-level travel time spent in this place.
 D = Time resting spent in this place.
 E = Time spent auto-exploring this place.
 F = Levels seen in this place.
 G = Mean time per level.
                   A        B        C        D        E       F      G
               +--------+--------+--------+--------+--------+-----+--------+
         Total |   7628 |   7512 |    116 |    237 |   5260 |   8 |  953.5 |
       Dungeon |   7628 |   7512 |    116 |    237 |   5260 |   8 |  953.5 |
               +--------+--------+--------+--------+--------+-----+--------+

Top non-repeatable levels by time:
     D:5: 1711 daAuts
     D:2: 1198 daAuts
     D:7: 1160 daAuts
     D:3: 946 daAuts
     D:1: 919 daAuts
     D:4: 902 daAuts
     D:6: 765 daAuts
     D:8: 23 daAuts
